 Dungeon Crawl Stone Soup version 0.28-a0-425-gd0eccab798 (webtiles) character file.

Game seed: 7424632726468796048

41 Demosthentine the Poker (level 3, -1/28 HPs)
             Began as a Merfolk Gladiator on Sept 9, 2021.
             Slain by a goblin (3 damage)
             ... on level 2 of the Dungeon.
             The game lasted 00:01:42 (1325 turns).

Demosthentine the Poker (Merfolk Gladiator)         Turns: 1325, Time: 00:01:43

Health: -1/28      AC:  4    Str: 15    XL:     3   Next: 52%
Magic:  3/3        EV: 13    Int:  7    God:
Gold:   58         SH:  0    Dex: 15    Spells: 2/2 levels left

rFire   + . .      SeeInvis .   a - +0 trident
rCold   + . .      Faith    .   (no shield)
rNeg    . . .      Spirit   .   b - +0 leather armour
rPois   +          Reflect  .   c - +0 helmet
rElec   +          Harm     .   (no cloak)
rCorr   +          Rampage  .   (no gloves)
Will    .....                   (no boots)
Stlth   +.........              (no amulet)
HPRegen 0.09/turn               (no ring)
MPRegen 0.08/turn               (no ring)

@: lethally poisoned (-1 -> -4), resistant
A: (nimble swimmer 2), mertail
a: no special abilities


You were on level 2 of the Dungeon.
You visited 1 branch of the dungeon, and saw 2 of its levels.

You collected 58 gold pieces.

Inventory:

Hand Weapons
 a - a +0 trident (weapon)
Missiles
 d - 3 throwing nets (quivered)
Armour
 b - a +0 leather armour (worn)
 c - a +0 helmet (worn)
Scrolls
 f - a scroll of teleportation
 g - a scroll of enchant weapon {unknown}


   Skills:
 + Level 2.8 Fighting
 + Level 5.0 Polearms
 - Level 2.0 Throwing
 + Level 0.9 Armour
 + Level 4.5 Dodging


You had 2 spell levels left.
You didn't know any spells.
Your spell library contained the following spells:

 Spells                   Type           Power      Damage    Failure   Level
 Leda's Liquefaction      Hex/Erth       0%         N/A       99%         4
 Lee's Rapid Deconstruct  Erth           0%         3d5*      100%        5
 Statue Form              Tmut/Erth      0%         N/A       100%        6


Dungeon Overview and Level Annotations

Branches:
Dungeon (2/15)

Altars:


Innate Abilities, Weirdness & Mutations

((You are quick and stealthy near water. (Stealth+, EV+, Speed+++)))
Your lower body shifts to a powerful aquatic tail in water.


Message History

You are too injured to fight recklessly!
You are too injured to fight recklessly!
You are too injured to fight recklessly!
You are too injured to fight recklessly!
You are too injured to fight recklessly!
You closely miss the adder.
The adder is lightly wounded.
The adder closely misses you.
You puncture the adder!
The adder is almost dead.
The adder bites you. The adder closely misses you.
You closely miss the adder.
The adder is almost dead.
The adder bites you.
You closely miss the adder.
The adder is almost dead.
The adder barely misses you.
You barely miss the adder.
The adder is almost dead.
The adder closely misses you. The adder bites you.
* * * LOW HITPOINT WARNING * * *
You are lethally poisoned!
The adder poisons you!
You miss the adder.
The adder is almost dead.
* * * LOW HITPOINT WARNING * * *
You feel sick. The adder closely misses you.
You puncture the adder!
You kill the adder!
* * * LOW HITPOINT WARNING * * *
You feel sick.
Your Polearms skill increases to level 5!
It was a potion of resistance.
You feel protected.
* * * LOW HITPOINT WARNING * * *
You feel sick. The goblin hits you but does no damage.
Your leather armour prevents you from hitting the goblin.
* * * LOW HITPOINT WARNING * * *
You feel sick. The goblin hits you with a +0 dagger.
You die...

#...........#....#
#...........#..#.#
#.....<......#...###..
##..........g..........
####...#...####.#..##...
#.........g# #....... .
#..........# ###......
#..........######.#.....
#.....<....g@...........
#########.###.......####
#.# ......## #.# .?....#
#.# ......# #.###......#
#.>........+
#.###......# ##..##.....


You could see a goblin.

Vanquished Creatures
  2 adders (D:2)
  4 bats (D:1)
  3 endoplasms
  A giant cockroach (D:2)
  A goblin (D:1)
  A hobgoblin (D:1)
  3 jackals (D:1)
  A ball python (D:2)
  3 kobolds (D:1)
  2 rats (D:1)
21 creatures vanquished.

Notes
Turn   | Place    | Note
-------+----------+-------------------------------------------
     0 | D:1      | Demosthentine the Merfolk Gladiator began the quest for the
                  | Orb.
     0 | D:1      | Reached XP level 1. HP: 16/16 MP: 1/1
     2 | D:1      | Noticed a demonspawn
     2 | D:1      | Noticed a draconian
     4 | D:1      | Noticed a vampire
     4 | D:1      | Noticed a demigod
     6 | D:1      | Noticed a formicid
     6 | D:1      | Noticed a minotaur
     8 | D:1      | Noticed an ogre
     8 | D:1      | Noticed a spriggan
     8 | D:1      | You fall into a shaft and drop 1 floor!
   444 | D:1      | Noticed a dwarf
   444 | D:1      | Noticed a ghoul
   452 | D:1      | Found a faded altar of an unknown god.
   469 | D:1      | Reached XP level 2. HP: 22/23 MP: 2/2
   688 | D:1      | Noticed a vine stalker
   690 | D:1      | Noticed an octopode
   692 | D:1      | Noticed a palentonga
  1098 | D:1      | Noticed a felid
  1098 | D:1      | Noticed a tengu
  1100 | D:1      | Noticed an elf
  1100 | D:1      | Noticed a gargoyle
  1102 | D:1      | Noticed a merfolk
  1104 | D:1      | Noticed a naga
  1104 | D:1      | Noticed a human
  1106 | D:1      | Noticed a troll
  1106 | D:1      | Noticed a djinni
  1233 | D:2      | Reached XP level 3. HP: 28/28 MP: 3/3
  1324 | D:2      | Reached skill level 5 in Polearms
  1325 | D:2      | Slain by a goblin

Illustrated notes

Levels and vault maps discovered:
D:1:      kb_arrival_jail, layout_basic, hellmonk_ecumenical_altar_dog_temple,
          amcnicky_mini_pool_small, amcnicky_mini_rare_corridor_liquid,
          roderic_serpentine_path, chequers_hall_statues_wall_a,
          amethyst_killhole
D:2:      layout_rooms, roderic_roman_lattice, grunt_ministairs_11,
          grunt_decor_resistance, minmay_misc_feat_rows,
          kennysheep_generic_room_8

Skill      XL: |  1  2  3 |
---------------+----------+-----
Polearms       | 5 |  5.0
Fighting       | |  2.8
Throwing       | |  2.0
Armour         | |  0.9
Dodging        | |  4.5

Action                   || total
-------------------------++-------
Melee: Trident           ||    83
  Use: Scroll            ||     1
       Potion            ||     1
 Stab: Sleeping          ||     1
Armor: Leather armour    ||    18
Dodge: Dodged            ||    61

Table legend: (Time is in decaauts)
 A = Elapsed time spent in this place.
 B = Non-inter-level travel time spent in this place.
 C = Inter-level travel time spent in this place.
 D = Time resting spent in this place.
 E = Time spent auto-exploring this place.
 F = Levels seen in this place.
 G = Mean time per level.
                   A        B        C        D        E       F      G
               +--------+--------+--------+--------+--------+-----+--------+
         Total |   1328 |   1290 |     38 |      0 |   1088 |   2 |  664.0 |
       Dungeon |   1328 |   1290 |     38 |      0 |   1088 |   2 |  664.0 |
               +--------+--------+--------+--------+--------+-----+--------+

Top non-repeatable levels by time:
     D:1: 1146 daAuts
     D:2: 181 daAuts
